 Dungeon Crawl Stone Soup version 0.28-a0-1356-g2ad6d04315 (webtiles) character file.

Game seed: 12685791991950492078

966 fragbeetle the Chopper (level 7, -5/59 HPs)
             Began as a Palentonga Berserker on Dec 31, 2021.
             Was a Priest of Trog.
             Slain by a two-headed ogre (12 damage)
             ... on level 6 of the Dungeon.
             The game lasted 00:12:15 (4403 turns).

fragbeetle the Chopper (Palentonga Berserker)       Turns: 4403, Time: 00:12:15

Health: -5/59      AC: 20    Str: 22    XL:     7   Next: 93%
Magic:  7/7        EV:  7    Int:  7    God:    Trog [***...]
Gold:   192        SH:  0    Dex: 10    Spells: 6/6 levels left

rFire   . . .      SeeInvis +   a - +0 war axe
rCold   . . .      Faith    .   (no shield)
rNeg    . . .      Spirit   .   n - +0 chain mail
rPois   .          Reflect  .   (no helmet)
rElec   .          Harm     .   (no cloak)
rCorr   .          Rampage  .   k - +0 pair of gloves
Will    .....                   (no barding)
Stlth   ..........              (no amulet)
HPRegen 0.19/turn               C - +4 ring of protection
MPRegen 0.10/turn               (no ring)

@: on berserk cooldown, slowed, curled up, very slow
A: large, rugged brown scales 3, see invisible, deformed body, roll 1, armoured
tail, reflexive curl
a: Rolling Charge, Renounce Religion, Berserk, Trog's Hand


You were on level 6 of the Dungeon.
You worshipped Trog.
Trog was most pleased with you.
You visited 1 branch of the dungeon, and saw 6 of its levels.

You collected 192 gold pieces.

Inventory:

Hand Weapons
 a - a +0 war axe (weapon)
 b - a +0 vorpal hunting sling
 i - a +1 dagger of speed
 A - a +0 hand axe
Missiles
 e - 23 arrows
 h - 97 stones
 j - 87 sling bullets
 s - 5 boomerangs
Armour
 k - a +0 pair of gloves (worn)
 n - a +0 chain mail (worn)
Jewellery
 C - a +4 ring of protection (left hand)
Wands
 D - a wand of flame (27)
Scrolls
 f - a scroll of magic mapping {unknown}
 g - 2 scrolls of brand weapon
 l - 2 scrolls of identify
 p - a scroll of immolation {unknown}
 q - a scroll of vulnerability {unknown}
 y - 2 scrolls of silence
 B - a scroll of holy word {unknown}
Potions
 d - 5 potions of curing
 m - 3 potions of degeneration
 o - a potion of resistance {unknown}
 r - a potion of heal wounds {unknown}
 t - a potion of berserk rage {unknown}
 u - a potion of brilliance {unknown}
 v - a potion of haste {unknown}
 w - a potion of attraction {unknown}
 z - 2 potions of lignification
 E - a potion of mutation {unknown}


   Skills:
 + Level 5.3 Fighting
 * Level 5.8 Axes
 + Level 3.8 Armour
 + Level 3.9 Dodging


You had 6 spell levels left.
You didn't know any spells.
Your spell library contained the following spells:

 Spells                   Type           Power      Damage    Failure   Level
 Freeze                   Ice            0%         1d3       98%         1
 Sandblast                Erth           0%         2d4       98%         1
 Blink                    Tloc           0%         N/A       99%         2
 Ensorcelled Hibernation  Hex/Ice        0%         N/A       99%         2
 Passwall                 Tmut/Erth      0%         N/A       99%         2
 Stone Arrow              Conj/Erth      0%         3d7       100%        3
 Swiftness                Air            0%         N/A       100%        3
 Manifold Assault         Tloc           0%         N/A       100%        5
 Yara's Violent Unravell  Hex/Tmut       0%         3d3       100%        5
 Simulacrum               Ice/Necr       0%         N/A       100%        6
 Storm Form               Tmut/Air       0%         N/A       100%        7


Dungeon Overview and Level Annotations

Branches:
Dungeon (6/15)
 Temple: D:4-7

Altars:
Gozag
Kikubaaqudgha
Makhleb
Okawaru


Innate Abilities, Weirdness & Mutations

You are completely covered in rugged brown scales. (AC +3, +7% HP)
You have supernaturally acute eyesight. (SInv)
Armour fits poorly on your strangely shaped body.
You can roll at nearby foes to attack.
You have a long armoured tail.
You curl defensively after being hit. (AC +7*)


Message History

A phantom comes into view.
A red film seems to cover your vision as you go berserk!
You feel yourself moving faster!
You feel mighty!
The phantom hits you but does no damage.
You slash the phantom!
The phantom is heavily damaged.
The phantom hits you.
The phantom blinks!
You blink.
You closely miss the phantom.
The phantom is heavily damaged.
The phantom hits you.
The phantom blinks!
You blink.
A two-headed ogre comes into view.
It is wielding two +0 giant spiked clubs.
You miss the phantom.
The phantom is heavily damaged.
The two-headed ogre shouts in stereo!
The phantom hits you but does no damage.
You barely miss the phantom.
The phantom is heavily damaged.
You slash the phantom!
The phantom is almost destroyed.
The phantom closely misses you.
You miss the phantom.
The phantom is almost destroyed.
The phantom hits you.
You closely miss the phantom.
The phantom is almost destroyed.
The phantom hits you but does no damage.
You slice the phantom!!
You destroy the phantom!
Trog accepts your kill.
You feel a strong urge to attack something.
You are no longer berserk.
You are exhausted.
You feel yourself slow down.
The two-headed ogre hits you with a +0 giant spiked club!!
The two-headed ogre hits you with a +0 giant spiked club.
* * * LOW HITPOINT WARNING * * *
The two-headed ogre hits you with a +0 giant spiked club!
* * * LOW HITPOINT WARNING * * *
The two-headed ogre hits you with a +0 giant spiked club!
You die...

#.#........# ...........## ..#.
..#####.##..# ....# ## ..
#.###.. .... .##.# ##..# #.. ..
#..###....### #..## ### #.#
#...........# #.# ### ..
#.....#..#..# #.# ##.. ..
#.....@....# #.# ##..# #+###.#
#....O.#..#####.###..##
#.....######....###.......#...##
...##.#........## ##......###
.#...(.....#..########....###
..$≈≈≈≈≈≈≈...........##...####
...........##.######.........#
...≈.≈≈≈.≈........#####......#
##.≈.....≈........# #...####


You could see a two-headed ogre.

Vanquished Creatures
  Grinder (D:3)
  A phantom (D:6)
  2 scorpions
  3 vampire bats (D:3)
  A howler monkey (D:5)
  A centaur zombie (D:4)
  A hound (D:6)
  2 centaur skeletons
  An orc priest (D:5)
  A bullfrog skeleton (D:4)
  A killer bee zombie (D:5)
  A hound skeleton (D:5)
  3 gnolls (D:2)
  9 adders
  A white imp (D:5)
  2 ufetubi
  2 adder skeletons
  2 worms (D:2)
  3 dart slugs
  4 orcs
  6 bats
  2 bat skeletons (D:3)
  3 bat zombies (D:3)
  9 endoplasms
  4 giant cockroaches
  11 goblins
  6 hobgoblins
  2 jackals (D:3)
  8 ball pythons
  4 frilled lizards
  8 kobolds
  5 rats
110 creatures vanquished.

Notes
Turn   | Place    | Note
-------+----------+-------------------------------------------
     0 | D:1      | fragbeetle the Palentonga Berserker began the quest for the
                  | Orb.
     0 | D:1      | Reached XP level 1. HP: 19/19 MP: 1/1
   116 | D:1      | Reached XP level 2. HP: 25/25 MP: 2/2
   632 | D:1      | Reached XP level 3. HP: 31/31 MP: 3/3
   923 | D:2      | Found a faded altar of an unknown god.
   929 | D:2      | Reached ** piety under Trog
  1197 | D:2      | Got the Catalogue of Snow and Transmutation
  1438 | D:2      | Reached XP level 4. HP: 34/37 MP: 4/4
  1550 | D:3      | Noticed Grinder
  1558 | D:3      | Paralysed by Grinder for 4 turns
  1574 | D:3      | Found a burning altar of Makhleb.
  1615 | D:3      | Killed Grinder
  1616 | D:3      | Reached XP level 5. HP: 44/44 MP: 5/5
  1702 | D:3      | Found an iron altar of Okawaru.
  1705 | D:3      | Reached XP level 6. HP: 51/51 MP: 6/6
  2004 | D:3      | Found an ancient bone altar of Kikubaaqudgha.
  2622 | D:4      | Gained mutation: You curl defensively after being hit. (AC
                  | +7*) [Palentonga growth]
  2622 | D:4      | Reached XP level 7. HP: 58/58 MP: 7/7
  2653 | D:4      | Reached *** piety under Trog
  3357 | D:5      | Entered Level 5 of the Dungeon
  3362 | D:5      | Reached skill level 5 in Axes
  3696 | D:5      | Reached skill level 5 in Fighting
  4357 | D:6      | Found an opulent altar of Gozag.
  4386 | D:6      | Noticed a two-headed ogre
  4403 | D:6      | Slain by a two-headed ogre

Illustrated notes

Levels and vault maps discovered:
D:1:      erik_arrival_blinker_ship, layout_rooms, kennysheep_another_room
D:2:      layout_loops_ring, shapermc_ecumenical_altar_notcrosses,
          kennysheep_generic_room_10
D:3:      layout_rooms, kennysheep_vampire_church, bloody_makhleb,
          mainiacjoe_overflow_chevrons, uniq_grinder
D:4:      layout_basic
D:5:      cheibrodos_helix_gallery, layout_rooms, kennysheep_generic_room_2
D:6:      layout_rooms, mainiacjoe_overflow_cross_hatched,
          mainiacjoe_overflow_boulevard, mainiacjoe_overflow_six_doors_small,
          chequers_temple_overflow_statue_of_worship, uniq_crazy_yiuf_cottage

Skill      XL: |  1  2  3  4  5  6  7 |
---------------+----------------------+-----
Dodging        | 2 3 |  3.9
Armour         | 2 3 |  3.8
Fighting       | 4 5 |  5.3
Axes           | 4 5 |  5.8

Action                   |  1- 3 |  4- 6 |  7- 9 || total
-------------------------+-------+-------+-------++-------
Melee: Hand axe          |   107 |    89 |    19 ||   215
       Tailslap          |     7 |    14 |    12 ||    33
       War axe           |       |       |    85 ||    85
 Fire: Hunting sling     |       |     9 |    14 ||    23
Invok: Berserk           |       |     4 |     4 ||     8
 Abil: Rolling Charge    |     2 |     1 |     2 ||     5
  Use: Scroll            |       |       |     7 ||     7
Armor: Ring mail         |    50 |    52 |    50 ||   152
       Chain mail        |       |       |    25 ||    25
Dodge: Dodged            |    48 |    60 |    52 ||   160

Table legend: (Time is in decaauts)
 A = Elapsed time spent in this place.
 B = Non-inter-level travel time spent in this place.
 C = Inter-level travel time spent in this place.
 D = Time resting spent in this place.
 E = Time spent auto-exploring this place.
 F = Levels seen in this place.
 G = Mean time per level.
                   A        B        C        D        E       F      G
               +--------+--------+--------+--------+--------+-----+--------+
         Total |   4509 |   4387 |    122 |    652 |   2236 |   6 |  751.5 |
       Dungeon |   4509 |   4387 |    122 |    652 |   2236 |   6 |  751.5 |
               +--------+--------+--------+--------+--------+-----+--------+

Top non-repeatable levels by time:
     D:4: 1255 daAuts
     D:2: 884 daAuts
     D:5: 836 daAuts
     D:1: 728 daAuts
     D:3: 681 daAuts
     D:6: 122 daAuts
